 Dungeon Crawl Stone Soup version 0.20-a0-971-g5896763 (webtiles) character file.

77 Hybris the Caller (level 4, 0/30 HPs)
             Began as a Mummy Summoner on Apr 8, 2017.
             Killed by divine providence
             ... invoked by an orc priest
              (15 damage)
             ... on level 3 of the Dungeon.
             The game lasted 00:07:14 (3603 turns).

Hybris the Caller (Mummy Summoner)                  Turns: 3603, Time: 00:07:15

Health: 0/30       AC:  3    Str: 11    XL:     4   Next: 14%
Magic:  7/10       EV: 12    Int: 15    God:
Gold:   164        SH:  0    Dex: 12    Spells: 2/11 levels left

rFire    x . .     SeeInvis .   i - +0 trident
rCold    + . .     Gourm    .   (no shield)
rNeg     + + +     Faith    .   a - +0 robe
rPois    ∞         Spirit   .   f - +0 helmet
rElec    .         Reflect  .   (no cloak)
rCorr    .         Harm     .   (no gloves)
MR       .....                  (no boots)
Stlth    ++........             (no amulet)
Regen    0.1/turn               (no ring)
MPRegen  0.2/turn               (no ring)

@: no status effects
A: no food or potions, fire vulnerability, cold resistance 1, negative energy
resistance 3, torment resistance, unbreathing
a: no special abilities


You were on level 3 of the Dungeon.
You were not hungry.

You visited 1 branch of the dungeon, and saw 3 of its levels.

You collected 164 gold pieces.

Inventory:

Hand Weapons
 i - a +0 trident (weapon)
Armour
 a - a +0 robe (worn)
 f - a +0 helmet (worn)
Scrolls
 d - 3 scrolls of identify
 e - a scroll of remove curse
 g - a scroll of teleportation {unknown}
Books
 b - a book of Callings

   Spells                             Type                      Level
   a - Summon Small Mammal            Summoning                    1
   b - Call Imp                       Summoning                    2
   c - Call Canine Familiar           Summoning                    3
   d - Summon Guardian Golem          Hexes/Summoning              3
   e - Summon Lightning Spire         Summoning/Air                4
   f - Summon Ice Beast               Ice/Summoning                4


   Skills:
 - Level 1.5 Dodging
 - Level 1.5 Stealth
 + Level 4.0 Spellcasting
 * Level 4.2 Summonings


You had 2 spell levels left.
You knew the following spells:

 Your Spells              Type           Power        Failure   Level  Hunger
a - Summon Small Mammal   Summ           ###.         3%          1    N/A
b - Call Imp              Summ           ###.....     6%          2    N/A
c - Call Canine Familiar  Summ           ###.....     12%         3    N/A
d - Summon Guardian Gole  Hex/Summ       #.......     24%         3    N/A

Dungeon Overview and Level Annotations

Branches:
Dungeon (3/15)

Altars:
Nemelex Xobeh


Innate Abilities, Weirdness & Mutations

You do not eat or drink.
Your flesh is vulnerable to fire.
You are immune to poison.
Your flesh is cold resistant. (rC+)
You are immune to negative energy. (rN+++)
You are immune to unholy pain and torment.
You can survive without breathing.


Message History

t - Shout!
Orders for allies: a - Attack new target. r - Retreat! s - Stop attacking. g - Guard the area. f - Follow me.
Anything else - Cancel.
Gang up on whom?
Press: ? - help, Dir - move target cursor, f - orc priest
Aim: an orc priest, wielding an enchanted dagger Attack! 2 orcs come into view.
An orc priest comes into view. It is wielding a hand axe.
Your hound barely misses the orc priest.
Your hound closely misses the orc priest.
The orc repeatedly roars encouragement to no one in particular.
Your hound misses the orc priest.
Your hound closely misses the orc priest.
The orc priest invokes the aid of Beogh against you.
Beogh smites you!
Ouch! That really hurt!
You die...

#. ..#. .#
#.##...#..
.........# .......o.
## .......o. .#
.....o.h# .#####
.......o# .....#
#.......@# .....#
#........#####
.....#
#............# ###
#....#
#..<.....###.# #.#
#....#
#........#...#####.#
#....#
#..................#
##.###
#............#####.#
##..#
#.........##.#<.##.#
.##.##
#.....###.##.##....#


You could see 2 orc priests, 2 orcs and a friendly hound.

Vanquished Creatures
  2 adders
  An orc (D:3)
  A hobgoblin (D:2)
  2 bats (D:2)
  A kobold (D:3)
  A rat (D:2)
8 creatures vanquished.

Vanquished Creatures (collateral kills)
  2 adders
  An ooze (D:3)
  2 worms
  4 dart slugs
  2 leopard geckos (D:1)
  4 orcs (D:3)
  3 giant cockroaches
  A goblin (D:2)
  3 hobgoblins
  4 jackals
  6 kobolds
  A ball python (D:1)
  11 bats
  A frilled lizard (D:3)
  A rat (D:1)
46 creatures vanquished.

Grand Total: 54 creatures vanquished

Notes
Turn   | Place    | Note
-------+----------+-------------------------------------------
     0 | D:1      | Hybris the Mummy Summoner began the quest for the Orb.
     0 | D:1      | Reached XP level 1. HP: 13/13 MP: 4/4
   813 | D:1      | Reached XP level 2. HP: 19/19 MP: 3/6
   817 | D:1      | Learned a level 2 spell: Call Imp
  1773 | D:2      | Found a sparkling altar of Nemelex Xobeh.
  1893 | D:2      | Reached XP level 3. HP: 24/24 MP: 4/7
  2553 | D:2      | Learned a level 3 spell: Call Canine Familiar
  2984 | D:3      | Learned a level 3 spell: Summon Guardian Golem
  3482 | D:3      | Reached XP level 4. HP: 30/30 MP: 9/9
  3603 | D:3      | Killed from afar by an orc priest

Vault maps used:
D:1:      mrwooster_arrival_statue_3
D:2:      kb_forest_paths, overflow_temple_1_default, hangedman_decor_points
D:3:      serial_corexii_hall, corexii_hall_statues_l, corexii_hall_statues_x,
          kennysheep_donut, trog_wizard

Skill      XL: |  1  2  3  4 |
---------------+-------------+-----
Spellcasting   | 3 4 |  4.0
Summonings     | 4 |  4.2
Dodging        | |  1.5
Stealth        | |  1.5

Action                   |  1- 3 |  4- 6 || total
-------------------------+-------+-------++-------
Melee: Unarmed           |    70 |       ||    70
       Dagger            |    22 |       ||    22
       Trident           |     1 |     7 ||     8
 Cast: Summon Small Mamm |    38 |       ||    38
       Call Imp          |    34 |       ||    34
       Call Canine Famil |     6 |     2 ||     8
       Summon Guardian G |     1 |       ||     1
  Use: Scroll            |     3 |       ||     3
Armor: Robe              |    52 |     5 ||    57
Dodge: Dodged            |   138 |     6 ||   144
